cohdb
Replays
Latest Replays
All Replays
Popular Replays
Top Player Replays
Match Explorer
How It Works
Community
CoH3 Stats
Reddit
Sign in to upload your games and track your stats! →
Sign in with Steam
Match 43761449
Unlisted
Match 43761449
Overview
Messages
Build Orders
End
Construct Section Command Post
Selects Australian Defense Battlegroup
Selects Australian Light Infantry Section
Australian Light Infantry Section
Australian Light Infantry Section
Dingo Light Scout Car
ML 3-inch Mortar Team
Infantry Section
Grenade Package
Selects 2-pounder Anti-tank Gun Team
2-pounder Anti-tank Gun Team
Construct Platoon Command Post
Construct Company Command Post
Vickers Machine Gun Team
Selects Vehicle Over Repair
Crusader II Medium Tank
Infantry Section
Crusader II Medium Tank
Crusader II Medium Tank
Selects CMP 15cwt Supply Run
Selects Reinforced Resource Caches
Mithers
MightySwift
Dominik
beniu
0
0
Comments
sign in to comment!
No comments posted yet!